 Dungeon Crawl Stone Soup version 0.24-a0-48-g0ecae65 (console) character file.

Game seed: 15218063753838039021

18 Duffy the Chopper (level 2, -9/26 HPs)
             Began as a Naga Gladiator on Feb 3, 2019.
             Mangled by an ogre
             ... wielding a +0 giant spiked club
              (19 damage)
             ... on level 3 of the Dungeon.
             The game lasted 00:00:28 (868 turns).

Duffy the Chopper (Naga Gladiator)                   Turns: 868, Time: 00:00:29

Health: -9/26      AC:  3    Str: 16    XL:     2   Next: 70%
Magic:  2/2        EV: 10    Int:  8    God:
Gold:   10         SH:  0    Dex: 12    Spells: 1/1 levels left

rFire    . . .     SeeInvis +   a - +0 war axe
rCold    . . .     Gourm    .   (no shield)
rNeg     . . .     Faith    .   b - +0 leather armour
rPois    +         Spirit   .   c - +0 helmet
rElec    .         Reflect  .   (no cloak)
rCorr    .         Harm     .   (no gloves)
MR       .....                  (no barding)
Stlth    +.........             (no amulet)
HPRegen  0.08/turn              (no ring)
MPRegen  0.08/turn              (no ring)

@: short of breath, very slow
A: large, see invisible, deformed body, poison resistance, slowness 2, slow
metabolism 1, spit poison 1, AC +0
a: Spit Poison


You were on level 3 of the Dungeon.
You were not hungry.

You visited 1 branch of the dungeon, and saw 3 of its levels.

You collected 10 gold pieces.

Inventory:

Hand Weapons
 a - a +0 war axe (weapon)
Missiles
 d - 3 throwing nets (quivered)
Armour
 b - a +0 leather armour (worn)
 c - a +0 helmet (worn)
Scrolls
 e - a scroll of blinking {unknown}
Potions
 g - a potion of mutation {unknown}
Comestibles
 f - a ration


   Skills:
 - Level 2.0 Fighting
 + Level 3.9 Axes
 - Level 1.7 Throwing
 - Level 2.4 Dodging


You had one spell level left.
You didn't know any spells.
Your spell library was empty.

Dungeon Overview and Level Annotations

Branches:
Dungeon (3/15)

Altars:


Innate Abilities, Weirdness & Mutations

You cannot wear boots.
Your serpentine skin is tough. (AC +0)
You have supernaturally acute eyesight. (SInv)
Armour fits poorly on your strangely shaped body.
Your system is resistant to poisons. (rPois)
You cover ground very slowly.
You have a slow metabolism.
You can spit poison.


Message History

You kill the hobgoblin!
Things that are here:
a +0 club; a hobgoblin corpse You start resting.
HP restored.
There is a stone staircase leading down, spattered with blood here.
You climb downwards.
A kobold comes into view. It is wielding a +0 dagger.
The ogre hits you with a +0 giant spiked club!
Ouch! That really hurt!
The orc hits you.
The kobold moves out of view.
There is a stone staircase leading up, spattered with blood here.
Press: ? - help, Shift-Dir - straight line, f - ogre
Aim: an ogre, wielding a +0 giant spiked club The splash of poison hits the ogre.
The ogre is poisoned.
The ogre is lightly wounded.
You feel slightly more hungry. The orc hits you.
The ogre hits you with a +0 giant spiked club!!
Ouch! That really hurt!
You die...

<...........#
#...........#
#........%..##.
...............
..$............
#.........#
#$.O.....#
#..@....#
####o....#
#...... ...##.
#(# ... %.. ..


You could see an ogre and an orc.

Vanquished Creatures
  An adder (D:2)
  A dart slug (D:1)
  A goblin (D:3)
  2 hobgoblins
  A kobold (D:2)
  2 frilled lizards (D:1)
8 creatures vanquished.

Notes
Turn   | Place    | Note
-------+----------+-------------------------------------------
     0 | D:1      | Duffy the Naga Gladiator began the quest for the Orb.
     0 | D:1      | Reached XP level 1. HP: 19/19 MP: 1/1
   155 | D:2      | Reached XP level 2. HP: 21/26 MP: 2/2
   236 | D:2      | HP: 1/26 [adder (4)]
   657 | D:3      | Noticed an ogre
   868 | D:3      | Mangled by an ogre

Vault maps used:
D:1:      roderic_dead_forest, minmay_misc_feat_enclosed
D:2:      minmay_misc_feat_four_crosses
D:3:      chequers_ecumenical_altar_simple_redux, ebering_ghost_sewer_f

Action                   || total
-------------------------++-------
Melee: War axe           ||    27
 Abil: Spit Poison       ||     4
Armor: Leather armour    ||     5
Dodge: Dodged            ||    20

Table legend:
 A = Non-vault XP
 B = Vault XP
 C = Vault XP percentage of total XP
 D = Non-vault monster count
 E = Vault monster count
 F = Vault count percentage of total count
                 A         B        C        D         E       F
            +---------+---------+-------+---------+---------+-------
      Total |      27 |       0 |   0.0 |       8 |       0 |   0.0
            +---------+---------+-------+---------+---------+-------
        D:1 |       8 |       0 |   0.0 |       4 |       0 |   0.0
        D:2 |      17 |       0 |   0.0 |       3 |       0 |   0.0
        D:3 |       2 |       0 |   0.0 |       1 |       0 |   0.0
            +---------+---------+-------+---------+---------+-------
